 Dungeon Crawl Stone Soup version 0.23-a0-393-g6e9e0f2 (webtiles) character file.

144 galech the Skirmisher (level 5, 0/41 HPs)
             Began as a Demonspawn Fighter on Oct 31, 2018.
             Slain by a white imp (5 damage)
             ... summoned by Natasha
             ... on level 2 of the Dungeon.
             The game lasted 00:01:59 (1450 turns).

galech the Skirmisher (Demonspawn Fighter)          Turns: 1450, Time: 00:02:00

Health: 0/41       AC: 14    Str: 16    XL:     5   Next: 5%
Magic:  5/5        EV:  2    Int: 10    God:
Gold:   113        SH:  9    Dex: 13    Spells: 4/4 levels left

rFire    . . .     SeeInvis .   a - +0 war axe
rCold    . . .     Gourm    .   c - +0 shield
rNeg     . . .     Faith    .   o - +0 plate armour
rPois    .         Spirit   .   (no helmet)
rElec    .         Reflect  .   (no cloak)
rCorr    .         Harm     .   h - +0 pair of gloves (curse)
MR       .....                  (no boots)
Stlth    ..........             (no amulet)
HPRegen  0.13/turn              (no ring)
MPRegen  0.09/turn              (no ring)

@: slowed, very slow
A: thin metallic scales 1, demonic guardian 1
a: no special abilities


You were on level 2 of the Dungeon.
You were not hungry.

You visited 1 branch of the dungeon, and saw 2 of its levels.

You collected 113 gold pieces.

Inventory:

Hand Weapons
 a - a +0 war axe (weapon)
Armour
 c - a +0 shield (worn)
 h - a cursed +0 pair of gloves (worn)
 o - a +0 plate armour (worn)
Scrolls
 g - a scroll of fog {unknown}
 i - a scroll of identify {unknown}
 j - 2 scrolls of remove curse {unknown}
 k - a scroll of fear {unknown}
 l - a scroll of amnesia {unknown}
Potions
 d - a potion of might
 e - 2 potions of heal wounds {unknown}
 m - a potion of haste {unknown}
Comestibles
 f - 3 rations
 n - a chunk of flesh


   Skills:
 + Level 3.5 Fighting
 + Level 3.2 Axes
 + Level 3.4 Armour
 + Level 0.4 Dodging
 + Level 3.3 Shields


You had 4 spell levels left.
You didn't know any spells.
Your spell library was empty.

Dungeon Overview and Level Annotations

Branches:
Dungeon (2/15)

Altars:

Annotations:
D:2 Natasha


Innate Abilities, Weirdness & Mutations

You are partially covered in thin metallic scales. (AC +2)
A weak demonic guardian rushes to your aid.


Message History

You miss something. Something claws you but does no damage.
Something claws you.
* * * LOW HITPOINT WARNING * * *
You miss something.
You hear some strange, mumbled words.
Something claws you but does no damage.
You closely miss something.
You hear some strange, mumbled words.
You feel as though you will be slow longer.
Something claws you but does no damage. x2; You block the white imp's attack.
Your shield and plate armour prevent you from hitting something.
Your plate armour prevents you from hitting the white imp.
The white imp gestures at you. The puff of frost hits you!
You block something's attack. Something claws you but does no damage.
The white imp hits you but does no damage.
You closely miss something. You hit the white imp. The white imp hits you.
* * * LOW HITPOINT WARNING * * *
The white imp freezes you.
You die...

........ ####.### #.
......# .. ####..#..# #
#..#..# . # #..#..# ##
#######.. # #(.#..# #.
.........
####(....#.###.##5.......
.........#......@{.......
#####.#.#####...#.##....
#..(÷####.###..# .
#.[#......# #)†###
.###..######.###..†.#
................###.#
.........####...# ...
.#######.######.###.###
#............#


You could see a white imp.

Vanquished Creatures
  An adder (D:2)
  An ooze (D:2)
  3 dart slugs (D:1)
  2 leopard geckos (D:1)
  2 giant cockroaches
  5 goblins
  4 hobgoblins
  5 kobolds
  2 quokkas (D:2)
  5 bats (D:1)
  3 frilled lizards
  5 rats (D:1)
38 creatures vanquished.

Vanquished Creatures (collateral kills)
  An ogre (D:2)
  Terence (D:2)
  Natasha (D:2)
3 creatures vanquished.

Grand Total: 41 creatures vanquished

Notes
Turn   | Place    | Note
-------+----------+-------------------------------------------
     0 | D:1      | galech the Demonspawn Fighter began the quest for the Orb.
     0 | D:1      | Reached XP level 1. HP: 18/18 MP: 1/1
    94 | D:1      | Gained mutation: A weak demonic guardian rushes to your
                  | aid. [demonic ancestry]
    94 | D:1      | Reached XP level 2. HP: 18/24 MP: 2/2
   528 | D:1      | Reached XP level 3. HP: 23/29 MP: 3/3
   763 | D:2      | Noticed Terence
   775 | D:2      | Killed Terence
   945 | D:2      | Reached XP level 4. HP: 28/35 MP: 4/4
   968 | D:2      | Noticed Natasha
   979 | D:2      | Killed Natasha
  1278 | D:2      | Noticed an ogre
  1293 | D:2      | Killed an ogre
  1376 | D:2      | Gained mutation: You are partially covered in thin metallic
                  | scales. (AC +2) [demonic ancestry]
  1376 | D:2      | Reached XP level 5. HP: 38/41 MP: 5/5
  1424 | D:2      | Noticed Natasha
  1450 | D:2      | Slain by a white imp

Vault maps used:
D:1:      matt_arrival_refuge, minmay_misc_feat_secret_circle,
          grunt_decor_one_mirror, minmay_octomino_j4
D:2:      nicolae_qazlal_style_of_elements, nicolae_tso_swordbearing_angel,
          uniq_terence, uniq_natasha

Skill      XL: |  1  2  3  4 |
---------------+-------------+-----
Axes           | 2 3 |  3.2
Armour         | 3 |  3.4
Shields        | 3 |  3.3
Fighting       | |  3.5
Dodging        | |  0.4

Action                   |  1- 3 |  4- 6 || total
-------------------------+-------+-------++-------
Melee: War axe           |   105 |    52 ||   157
  Eat: Chunk             |       |     2 ||     2
Armor: Scale mail        |    52 |     6 ||    58
       Plate armour      |       |    26 ||    26
Dodge: Dodged            |    35 |    23 ||    58
Block: Shield            |    52 |    37 ||    89

Table legend:
 A = Non-vault XP
 B = Vault XP
 C = Vault XP percentage of total XP
 D = Non-vault monster count
 E = Vault monster count
 F = Vault count percentage of total count
                 A         B        C        D         E       F
            +---------+---------+-------+---------+---------+-------
      Total |     143 |      63 |  30.6 |      35 |       6 |  14.6
            +---------+---------+-------+---------+---------+-------
        D:1 |      43 |       5 |  10.4 |      21 |       4 |  16.0
        D:2 |     100 |      58 |  36.7 |      14 |       2 |  12.5
            +---------+---------+-------+---------+---------+-------
